 Dungeon Crawl Stone Soup version 0.32-a0-898-g7811c86cf0 (webtiles) character file.

Game seed: 7166786212336258841

3294 DEFE the Cleaver (level 10, 0/70 HPs)
             Began as a Coglin Fighter on Apr 4, 2024.
             Slain by Erica
             ... wielding a +0 scimitar of flaming
              (4 damage)
             ... on level 8 of the Dungeon.
             The game lasted 00:07:56 (7981 turns).

DEFE the Cleaver (Coglin Fighter)                   Turns: 7981, Time: 00:07:57

Health: 0/70       AC: 10    Str: 20    XL:     10   Next: 1%
Magic:  10/10      EV:  0    Int:  7    God:
Gold:   471        SH:  0    Dex: 15    Spells: 9/9 levels left

rFire   . . .        B - +2 dagger (venom) {Raimund}
rCold   . . .        h - +0 dagger (elec) {Wanphen}
rNeg    . . .        g - +0 steam dragon scales
rPois   .            s - +0 helmet
rElec   .            v - +2 cloak
rCorr   .            (no gloves)
SInv    .            u - +0 pair of boots
Will    .....        (amulet unavailable)
Stlth   +            (ring unavailable)
HPRegen 0.31/turn    (ring unavailable)
MPRegen 0.12/turn    (no gizmo)

%: no passive effects
@: constricted, studying Hexes, revved
A: off-hand wielding, slow wielding, warmup strikes, no jewellery
a: Invent Gizmo


You were on level 8 of the Dungeon.
You visited 2 branches of the dungeon, and saw 9 of its levels.
You also visited: Ossuary.

You collected 471 gold pieces.

Inventory:

Hand Weapons
 a - a +0 war axe {Jinae}
 h - a +0 dagger of electrocution (offhand) {Wanphen}
 B - a +2 dagger of venom (weapon) {Raimund}
Armour
 b - a +0 scale mail
 c - a +0 buckler
 g - +0 steam dragon scales (worn)
 s - a +0 helmet (worn)
 u - a +0 pair of boots (worn)
 v - a +2 cloak (worn)
 L - a scarf of resistance
Wands
 G - a wand of charming (2)
 M - a wand of light (1)
Scrolls
 f - 2 scrolls of teleportation
 k - 2 scrolls of poison
 m - 3 scrolls of immolation
 q - 2 scrolls of blinking
 r - 3 scrolls of amnesia
 x - a scroll of fear
 y - 3 scrolls of fog {unknown}
 A - a scroll of noise {unknown}
 D - a scroll of brand weapon
 F - a scroll of enchant weapon
 H - a scroll of identify
 K - 2 scrolls of enchant armour
Potions
 d - a potion of might
 e - 3 potions of attraction
 i - 2 potions of resistance {unknown}
 j - a potion of degeneration {unknown}
 l - a potion of cancellation {unknown}
 n - 3 potions of mutation {unknown}
 o - 4 potions of curing
 p - 2 potions of brilliance {unknown}
 t - a potion of invisibility {unknown}
 w - 2 potions of enlightenment
 z - a potion of ambrosia {unknown}
 C - a potion of lignification {unknown}
 E - 3 potions of haste {unknown}
 I - 2 potions of berserk rage {unknown}
 J - 2 potions of magic {unknown}


   Skills:
 - Level 3.0 Fighting
 + Level 13.7 Axes
 - Level 2.6 Armour
 - Level 2.1 Shields


You had 9 spell levels left.
You didn't know any spells.
Your spell library contained the following spells:

 Spells                   Type           Power      Damage    Failure   Level
 Foxfire                  Conj/Fire      0%         2x1d4     43%         1
 Magic Dart               Conj           0%         1d3       43%         1
 Slow                     Hex            0%         N/A       43%         1
 Lesser Beckoning         Tloc           0%         N/A       56%         2
 Searing Ray              Conj           0%         2d4       56%         2
 Confusing Touch          Hex            0%         N/A       80%         3
 Maxwell's Portable Pile  Tloc           0%         2d(5-13)  80%         3
 Teleport Other           Tloc           0%         N/A       80%         3
 Vampiric Draining        Necr           0%         2d6       80%         3
 Fulminant Prism          Conj/Alch      0%         3d5       99%         4
 Leda's Liquefaction      Alch/Erth      0%         N/A       99%         4
 Lee's Rapid Deconstruct  Erth           0%         3d4*      100%        5
 Permafrost Eruption      Ice/Erth       0%         2x4d1     100%        6
 Plasma Beam              Fire/Air       0%         2x1d10    100%        6
 Starburst                Conj/Fire      0%         6d3       100%        6


Dungeon Overview and Level Annotations

Branches:
Dungeon (8/15)             Temple (1/1) D:7         Ossuary (visited)
   Lair: D:8-11

Altars:
Ashenzari
Cheibriados
Dithmenos
Elyvilon
Fedhas
Gozag
Hepliaklqana
Kikubaaqudgha
Makhleb
Nemelex Xobeh
Qazlal
Ru
Sif Muna
Trog
Uskayaw
Wu Jian
Xom
Yredelemnul
The Shining One

Portals:
Abyss: D:4

Annotations:
D:4 2 transporters, Lanoc's ghost, amateur CoHu
D:8 Erica


Innate Abilities, Weirdness & Mutations

You can wield a second weapon in your off-hand.
It takes a long time for you to wield or remove held weapons.
Your first few attacks do less damage.
You cannot equip rings or amulets.


Message History

You hit something with your +0 dagger of electrocution.
Lightning courses through something!
You hear some strange, mumbled words.
A bolt of poison appears from out of thin air!
The bolt of poison hits you!!
You are poisoned.
You hit something with your +2 dagger of venom.
You miss something with your +0 dagger of electrocution.
You feel very sick. Something completely misses you.
Unknown command.
Aiming: Bolt of Light
Press: ? - help, Shift-Dir - straight line You feel very sick.
You hear some strange, mumbled words.
A bolt of poison appears from out of thin air!
The bolt of poison misses you.
Unknown command.
You feel better. Something hits you but does no damage.
Unknown command.
You miss something with your +2 dagger of venom.
You miss something with your +0 dagger of electrocution.
Something hits you!
* * * LOW HITPOINT WARNING * * *
Something burns you.
* * * LOW HITPOINT WARNING * * *
Something grabs you.
You are constricted.
* * * LOW HITPOINT WARNING * * *
You miss something with your +2 dagger of venom.
You barely miss something with your +0 dagger of electrocution.
You hear some strange, mumbled words.
Something tries to affect you, but you resist.
You are constricted.
Unknown command.
You closely miss something with your +2 dagger of venom.
You hit something with your +0 dagger of electrocution.
Lightning courses through something! Something hits you!
* * * LOW HITPOINT WARNING * * *
Something burns you.
You die...

#.......###.#y#.#
#.......# ##....#
#.......# ####<#
####....# #รท#
#.##### ..#
#.....# #..#
#####+#####.###
####
#...{.........#
#...@...##.##.#
#...._..##.##.#
#........#....#
#......#.######
#......#.#
#####....# ######


There were no monsters in sight!

Vanquished Creatures
  Maggie (D:8)
  3 ice beasts (D:7)
  3 black bears
  3 orc warriors
  An ogre (D:6)
  A phantom (D:6)
  2 bullfrogs (D:7)
  A scorpion (D:7)
  7 killer bees
  3 howler monkeys (D:8)
  A bombardier beetle (D:6)
  A centaur zombie (Ossuary)
  4 hounds
  An iron imp (D:5)
  6 orc priests
  A gnoll bouda (D:7)
  4 sleepcaps
  Jessica (D:2)
  A human zombie (Ossuary)
  Terence (D:3)
  5 iguanas
  8 orc wizards
  4 ogre zombies (Ossuary)
  7 mummies (Ossuary)
  Robin (D:2)
  7 gnolls
  5 adders
  A white imp (D:6)
  2 adder zombies (Ossuary)
  4 ribbon worms
  27 orcs
  6 endoplasms
  3 giant cockroaches (D:2)
  A gnoll zombie (Ossuary)
  5 goblins
  8 hobgoblins
  7 jackals (D:1)
  4 quokkas
  8 ball pythons
  3 bats
  3 frilled lizards
  4 goblin zombies
  4 hobgoblin zombies (Ossuary)
  9 kobolds
  6 kobold zombies (Ossuary)
  2 orc zombies (Ossuary)
  4 quokka zombies
  2 rats
  3 rat zombies (Ossuary)
199 creatures vanquished.

Vanquished Creatures (collateral kills)
  An orc priest (D:7)
  2 orcs (D:7)
3 creatures vanquished.

Vanquished Creatures (others)
  3 killer bees (D:7)
  An orc priest (D:7)
4 creatures vanquished.

Grand Total: 206 creatures vanquished

Notes
Turn   | Place    | Note
-------+----------+-------------------------------------------
     0 | D:1      | DEFE the Coglin Fighter began the quest for the Orb.
     0 | D:1      | Reached XP level 1. HP: 18/18 MP: 1/1
   173 | D:1      | Reached XP level 2. HP: 21/24 MP: 2/2
   232 | D:1      | Reached skill level 3 in Axes
   444 | D:1      | Reached XP level 3. HP: 29/29 MP: 3/3
  1148 | D:2      | Reached skill level 4 in Axes
  1252 | D:2      | Noticed Jessica
  1255 | D:2      | Killed Jessica
  1256 | D:2      | Reached XP level 4. HP: 35/35 MP: 4/4
  1341 | D:2      | Noticed Robin
  1357 | D:2      | Killed Robin
  1689 | D:3      | Noticed Terence
  1695 | D:3      | Killed Terence
  1696 | D:3      | Reached skill level 5 in Axes
  1696 | D:3      | Reached XP level 5. HP: 41/41 MP: 5/5
  2559 | D:4      | Found a transporter.
  2560 | D:4      | Noticed a small abomination
  2594 | D:4      | Noticed a kobold brigand
  2629 | D:4      | Found a one-way gate to the infinite horrors of the Abyss.
  2629 | D:4      | Noticed Lanoc's ghost (amateur CoHu)
  2630 | D:4      | Found a transporter.
  2632 | D:4      | Noticed a small abomination
  2699 | D:4      | Reached skill level 6 in Axes
  2755 | D:4      | Reached XP level 6. HP: 43/47 MP: 6/6
  3233 | D:5      | Entered Level 5 of the Dungeon
  3520 | D:5      | Found a burning altar of Makhleb.
  3564 | D:5      | Reached skill level 7 in Axes
  3633 | D:5      | Reached XP level 7. HP: 38/52 MP: 7/7
  3696 | D:5      | Found a bloodstained altar of Trog.
  3842 | D:5      | Found a basalt altar of Yredelemnul.
  4236 | D:6      | Reached skill level 8 in Axes
  4694 | D:6      | Reached skill level 9 in Axes
  4694 | D:6      | Reached XP level 8. HP: 52/58 MP: 8/8
  4881 | D:6      | Reached skill level 10 in Axes
  4970 | D:6      | Found a snail-covered altar of Cheibriados.
  5348 | D:7      | Found a sand-covered staircase.
  5366 | Ossuary  | Entered an ossuary
  6007 | Ossuary  | Reached skill level 11 in Axes
  6229 | D:7      | Reached XP level 9. HP: 38/63 MP: 9/9
  6630 | D:7      | Found a staircase to the Ecumenical Temple.
  6662 | Temple   | Entered the Ecumenical Temple
  6700 | D:7      | Reached skill level 12 in Axes
  7028 | D:7      | Found an ornate altar of the Wu Jian Council.
  7335 | D:8      | Noticed Maggie
  7388 | D:8      | Reached skill level 13 in Axes
  7516 | D:8      | Killed Maggie
  7673 | D:8      | Reached XP level 10. HP: 10/70 MP: 10/10
  7881 | D:8      | Found a sacrificial altar of Ru.
  7956 | D:8      | Found a stormy altar of Qazlal.
  7967 | D:8      | Noticed Erica
  7981 | D:8      | Slain by Erica

Illustrated notes

Levels and vault maps discovered:
D:1:      dpeg_arrival_brainrot, layout_basic
D:2:      minmay_diamond_boxcup, layout_loops_ring, uniq_robin, uniq_jessica
D:3:      layout_loops_cross, roderic_lattice_a, uniq_terence
D:4:      layout_loops_ring, gammafunk_ghost_abyssal_escape,
          lightli_corner_chamber
D:5:      layout_basic, mainiacjoe_overflow_boulevard,
          mainiacjoe_overflow_cross_hatched, demons_altar
D:6:      layout_cave_pods, slow_altar_1, nicolae_concentric_dashed_squares_mild
D:7:      layout_loops_corners, mainiacjoe_overflow_brackets,
          minmay_temple_entry_statues_fountains, enter_ossuary_4,
          grunt_decor_mini_mirrors
D:8:      layout_basic, nicolae_vehumet_radiance, nicolae_ru_awakened_eye,
          overflow_temple_1_default, lemuel_crystal_altar, uniq_erica,
          uniq_maggie
Temple:   nicolae_temple_bog_church

Skill      XL: |  1  2  3  4  5  6  7  8  9 |
---------------+----------------------------+-----
Axes           | 3 4 5 6 7 9 11 13 | 13.7
Fighting       | |  3.0
Armour         | |  2.6
Shields        | |  2.1

Action                     |  1- 3 |  4- 6 |  7- 9 | 10-12 || total
---------------------------+-------+-------+-------+-------++-------
  Melee: War axe           |    52 |    76 |       |       ||   128
         Dagger            |    42 |   161 |   839 |    12 ||  1054
  Evoke: Wand              |       |       |     6 |     2 ||     8
    Use: Scroll            |       |       |     9 |       ||     9
         Potion            |       |       |     8 |     1 ||     9
 Armour: Scale mail        |    44 |   119 |   331 |       ||   494
         Steam dragon scal |       |       |    19 |     8 ||    27
  Dodge: Dodged            |    37 |    48 |   185 |     2 ||   272
  Block: Buckler           |     4 |       |       |       ||     4

Table legend: (Time is in decaauts)
 A = Elapsed time spent in this place.
 B = Non-inter-level travel time spent in this place.
 C = Inter-level travel time spent in this place.
 D = Time resting spent in this place.
 E = Time spent auto-exploring this place.
 F = Levels seen in this place.
 G = Mean time per level.
                   A        B        C        D        E       F      G
               +--------+--------+--------+--------+--------+-----+--------+
         Total |   8002 |   7782 |    220 |   1049 |   5280 |  10 |  800.2 |
       Dungeon |   7209 |   6989 |    220 |    928 |   4834 |   8 |  901.1 |
        Temple |      1 |      1 |      0 |      0 |      0 |   1 |    1.0 |
       Ossuary |    791 |    791 |      0 |    121 |    446 |   1 |  791.0 |
               +--------+--------+--------+--------+--------+-----+--------+

Top non-repeatable levels by time:
     D:7: 1470 daAuts
     D:6: 936 daAuts
     D:5: 936 daAuts
     D:1: 873 daAuts
     D:3: 837 daAuts
 Ossuary: 791 daAuts
     D:2: 784 daAuts
     D:4: 760 daAuts
     D:8: 609 daAuts
  Temple: 1 daAuts
